[Event "Titled Tuesday Blitz March 01 Late 2022"]
[White "Li, Ben"]
[Black "Jakubowska, Anna"]
[WhiteFideId "2089980"]
[BlackFideId "1121952"]
[WhiteElo "2267"]
[BlackElo "1924"]
[Result "1-0"]
[Round "01"]
[TimeControl "180+1"]
[Date "2022.03.02"]
[WhiteClock "0:01:16"]
[BlackClock "0:01:01"]

1. d4 d5 2. Nf3 Nf6 3. c4 c6 4. Nc3 e6 5. e3 Nbd7 6. Bd3 dxc4 7. Bxc4 b5 8. Bd3 a6 9. e4 c5 10. e5 cxd4 11. Nxb5 axb5 12. exf6 gxf6 13. O-O Bd6 14. Bxb5 Qb6 15. a4 e5 16. Re1 Kd8 17. Nd2 Rg8 18. Nc4 Qb7 19. g3 Be7 20. Bd2 Nc5 21. Na5 Qb6 22. Nc6+ Ke8 23. Nxe5+ Kf8 24. Bh6+ Rg7 25. Nc6 Bd6 26. Qxd4 1-0


[Site "https://www.chess.com"]

[Event "Titled Tuesday Blitz March 01 Late 2022"]
[White "Li, Hui"]
[Black "Mirzoev, Azer"]
[WhiteFideId "15400310"]
[BlackFideId "13400304"]
[WhiteElo "1954"]
[BlackElo "2525"]
[Result "0-1"]
[Round "01"]
[TimeControl "180+1"]
[Date "2022.03.02"]
[WhiteClock "0:00:45"]
[BlackClock "0:02:20"]

1. e4 e6 2. d4 d5 3. exd5 exd5 4. Bd3 c6 5. Bf4 Bd6 6. Bxd6 Qxd6 7. Nf3 Qb4+ 8. Nbd2 Qxb2 9. O-O Ne7 10. Re1 Qa3 11. Nb3 O-O 12. Ne5 Ng6 13. Nxg6 hxg6 14. c3 Nd7 15. Qd2 Qd6 16. Qe3 Nf6 17. Qe7 Qxe7 18. Rxe7 Rd8 19. Rae1 Kf8 20. f3 b6 21. Rc7 Bd7 22. Nd2 Ne8 0-1


[Site "https://www.chess.com"]

[Event "Titled Tuesday Blitz March 01 Late 2022"]
[White "Makarian, Rudik"]
[Black "Lopez Gracia, Fernando"]
[WhiteFideId "44105681"]
[BlackFideId "2207184"]
[WhiteElo "2486"]
[BlackElo "2434"]
[Result "1-0"]
[Round "01"]
[TimeControl "180+1"]
[Date "2022.03.01"]
[WhiteClock "0:02:19"]
[BlackClock "0:00:19"]

1. e4 e5 2. Nf3 Nc6 3. Bb5 a6 4. Ba4 Nf6 5. O-O Bc5 6. Bxc6 dxc6 7. d3 Nd7 8. Nbd2 O-O 9. Nc4 Qe7 10. Be3 f5 11. exf5 Rxf5 12. Nfd2 Nb6 13. Bxc5 Qxc5 14. Ne4 Qd4 15. Nxb6 Qxb6 16. Rb1 Be6 17. b3 Bd5 18. Qe2 Raf8 19. Rbe1 Bxe4 20. dxe4 R5f6 21. g3 Qd4 22. Kg2 Qc3 23. Rd1 h6 24. h4 Qf3+ 25. Qxf3 Rxf3 26. Rd7 R3f7 27. Rxf7 Kxf7 28. Rd1 Ke6 29. h5 g6 30. hxg6 Rg8 31. f4 exf4 32. gxf4 Rxg6+ 33. Kf3 Rg7 34. Rh1 Rh7 35. e5 Kf5 36. Rh5+ Kg6 37. Kg4 Rd7 38. f5+ Kg7 39. Rh3 Rd2 40. Kf4 Rf2+ 41. Rf3 Rxc2 42. Rg3+ Kf7 43. e6+ Kf6 44. Rg6+ Ke7 45. Rg7+ Kf8 46. Rxc7 Rf2+ 47. Ke5 h5 48. Kf6 Kg8 49. e7 1-0


[Site "https://www.chess.com"]

[Event "Titled Tuesday Blitz March 01 Late 2022"]
[White "Maksimovic, Bojan"]
[Black "Ladan, Nicholas"]
[WhiteFideId "14408120"]
[BlackFideId "30918855"]
[WhiteElo "2450"]
[BlackElo "2366"]
[Result "1-0"]
[Round "01"]
[TimeControl "180+1"]
[Date "2022.03.02"]
[WhiteClock "0:00:05"]
[BlackClock "0:00:06"]

1. a3 d5 2. b4 e5 3. Bb2 Bd6 4. e3 Nf6 5. c4 c6 6. Nc3 O-O 7. cxd5 cxd5 8. Nb5 Nc6 9. Nxd6 Qxd6 10. Nf3 Bg4 11. h3 Bh5 12. Be2 d4 13. Ng5 Bxe2 14. Qxe2 h6 15. Nf3 d3 16. Qd1 e4 17. Nd4 Ne5 18. O-O Rfc8 19. Qb3 Nc4 20. Rfd1 Qd5 21. Rac1 Rc7 22. a4 Rac8 23. Bc3 Nd7 24. Nb5 Nxe3 25. Qxd5 Nxd5 26. Nxc7 Rxc7 27. Bd4 Rc2 28. Rxc2 dxc2 29. Rc1 Nxb4 30. Bc3 Nc6 31. Rxc2 Nc5 32. a5 Nb3 33. Ra2 a6 34. Ra3 Nc5 35. Ra1 Kf8 36. Rb1 f6 37. Kf1 Ke7 38. Ke2 Kd6 39. f3 Kd5 40. fxe4+ Kxe4 41. d3+ Kd5 42. Kd2 h5 43. Kc2 h4 44. Re1 Kd6 45. Re8 Na4 46. Rh8 Nxc3 47. Kxc3 Nxa5 48. Rxh4 b5 49. Rh7 Kc5 50. Rxg7 b4+ 51. Kb2 Nc6 52. h4 Ne5 53. h5 Nxd3+ 54. Kb1 Kc4 55. h6 b3 56. h7 Kc3 57. h8=Q b2 58. Qc8+ Kd2 59. Rd7 a5 60. Qc2+ Ke1 61. Rxd3 a4 62. Rd1# 1-0


[Site "https://www.chess.com"]

[Event "Titled Tuesday Blitz March 01 Late 2022"]
[White "Martin Barcelo, Carles"]
[Black "Zakhartsov, Vladimir"]
[WhiteFideId "24561444"]
[BlackFideId "4145097"]
[WhiteElo "1875"]
[BlackElo "2432"]
[Result "0-1"]
[Round "01"]
[TimeControl "180+1"]
[Date "2022.03.02"]
[WhiteClock "0:00:07"]
[BlackClock "0:01:23"]

1. e4 c5 2. Nf3 Nc6 3. Bb5 g6 4. O-O Bg7 5. c3 e5 6. d4 cxd4 7. cxd4 exd4 8. Bf4 Nge7 9. Bd6 a6 10. Bc4 b5 11. Bb3 Bb7 12. Ng5 O-O 13. Qf3 Qe8 14. Qg3 Na5 15. Nd2 Nxb3 16. Qxb3 h6 17. Ngf3 Qd8 18. e5 Re8 19. Nxd4 Nc6 20. Nxc6 Bxc6 21. f4 Rc8 22. Rac1 Qb6+ 23. Kh1 Bb7 24. Nf3 Rxc1 25. Rxc1 Qf2 26. Qc2 Qe3 27. Qd2 Qe4 28. Re1 Qf5 29. Nd4 Qg4 30. Rc1 h5 31. Qf2 h4 32. Nf3 h3 33. Rf1 hxg2+ 34. Qxg2 Qxf4 35. Qg3 Qxg3 36. hxg3 Bxe5 37. Bxe5 Rxe5 38. Kh2 Re2+ 39. Kh3 Bxf3 40. Rxf3 Rxb2 41. Rd3 Rxa2 42. Rxd7 b4 0-1


[Site "https://www.chess.com"]

[Event "Titled Tuesday Blitz March 01 Late 2022"]
[White "Martin Duque, Jesus"]
[Black "Roque Sola, Jose Luis"]
[WhiteFideId "2208954"]
[BlackFideId "5120390"]
[WhiteElo "2243"]
[BlackElo "1983"]
[Result "1-0"]
[Round "01"]
[TimeControl "180+1"]
[Date "2022.03.02"]
[WhiteClock "0:02:11"]
[BlackClock "0:01:28"]

1. b3 Nf6 2. Bb2 Nc6 3. Nf3 b6 4. g3 Bb7 5. Bg2 d6 6. d4 e6 7. O-O Be7 8. c4 O-O 9. Nc3 d5 10. cxd5 exd5 11. Rc1 Qd7 12. Ne5 Qd8 13. Nb5 Nxe5 14. dxe5 Nd7 15. Bxd5 Bxd5 16. Qxd5 Nc5 17. Rfd1 Qxd5 18. Rxd5 Rad8 19. Nxc7 Rxd5 20. Nxd5 Bg5 21. f4 1-0


[Site "https://www.chess.com"]

[Event "Titled Tuesday Blitz March 01 Late 2022"]
[White "Martinez Alcantara, Jose Eduardo"]
[Black "Pinheiro, Iung Alicio de O."]
[WhiteFideId "3805662"]
[BlackFideId "2104350"]
[WhiteElo "2690"]
[BlackElo "2515"]
[Result "1-0"]
[Round "01"]
[TimeControl "180+1"]
[Date "2022.03.01"]
[WhiteClock "0:00:58"]
[BlackClock "0:00:15"]

1. e4 c5 2. Nf3 Nc6 3. c3 d5 4. exd5 Qxd5 5. Na3 Bg4 6. Be2 Nf6 7. h3 Bh5 8. Qb3 Qxb3 9. axb3 O-O-O 10. Nc4 Nd7 11. d3 f6 12. Be3 e5 13. Nfd2 Bxe2 14. Kxe2 Be7 15. b4 cxb4 16. Bxa7 Kc7 17. Be3 Bc5 18. Nb3 Bxe3 19. Nxe3 bxc3 20. bxc3 Nb6 21. Nc5 Rhe8 22. Rhb1 Rb8 23. Rb2 Nd7 24. Ne4 Ne7 25. Rab1 b6 26. Kf1 Ra8 27. d4 f5 28. Ng5 h6 29. Ne6+ Kd6 30. Nxg7 Rf8 31. Nc4+ Kd5 32. Nxb6+ Nxb6 33. Rxb6 exd4 34. cxd4 Rf7 35. Ne6 f4 36. Nc7+ 1-0


[Site "https://www.chess.com"]

[Event "Titled Tuesday Blitz March 01 Late 2022"]
[White "Medeiros Jr, Francisco De Assis"]
[Black "Abdyzhapar, Asylbek"]
[WhiteFideId "2114267"]
[BlackFideId "13800337"]
[WhiteElo "1998"]
[BlackElo "2331"]
[Result "0-1"]
[Round "01"]
[TimeControl "180+1"]
[Date "2022.03.02"]
[WhiteClock "0:01:07"]
[BlackClock "0:02:04"]

1. d4 d5 2. Nf3 Nf6 3. Bg5 c5 4. c3 Qb6 5. Qb3 c4 6. Qxb6 axb6 7. Bxf6 gxf6 8. Nbd2 f5 9. a3 b5 10. Rc1 Nc6 11. e3 e6 12. Be2 Bd6 13. g3 Bd7 14. O-O Ke7 15. Ne1 h5 16. h4 Rag8 17. Ng2 f6 18. Nf3 Be8 19. Nf4 Bf7 20. Kh2 e5 21. dxe5 fxe5 22. Nh3 f4 23. exf4 exf4 24. Nfg5 fxg3+ 25. fxg3 Be8 26. Bf3 Ne5 27. Bxd5 Ng4+ 28. Kg2 Ne3+ 29. Kf2 Nxd5 0-1


[Site "https://www.chess.com"]

[Event "Titled Tuesday Blitz March 01 Late 2022"]
[White "Melkumyan, Hrant"]
[Black "Kulon, Klaudia"]
[WhiteFideId "13302485"]
[BlackFideId "1131044"]
[WhiteElo "2604"]
[BlackElo "2281"]
[Result "0-1"]
[Round "01"]
[TimeControl "180+1"]
[Date "2022.03.01"]
[WhiteClock "0:00:45"]
[BlackClock "0:00:56"]

1. c4 Nf6 2. g3 g6 3. Bg2 Bg7 4. Nc3 O-O 5. d4 d6 6. Nf3 Nc6 7. O-O e5 8. dxe5 Nxe5 9. Qb3 c6 10. Bf4 Qe7 11. Rad1 Nfd7 12. Nxe5 dxe5 13. Be3 f5 14. Na4 Kh8 15. Bd2 Re8 16. Bb4 Qf7 17. Bc3 Nf8 18. Nc5 Ne6 19. Qa3 Nd4 20. Rd2 Qxc4 21. b3 Qxc3 22. Rd3 Nb5 0-1


[Site "https://www.chess.com"]

[Event "Titled Tuesday Blitz March 01 Late 2022"]
[White "Mickiewicz, Piotr"]
[Black "Dourerassou, Jonathan"]
[WhiteFideId "1114891"]
[BlackFideId "628050"]
[WhiteElo "2266"]
[BlackElo "2513"]
[Result "1-0"]
[Round "01"]
[TimeControl "180+1"]
[Date "2022.03.02"]
[WhiteClock "0:01:47"]
[BlackClock "0:01:00"]

1. Nf3 Nf6 2. g3 g6 3. Bg2 Bg7 4. O-O O-O 5. d3 d6 6. Nc3 Nbd7 7. e4 a6 8. Re1 c5 9. a4 Rb8 10. h3 b5 11. axb5 axb5 12. Bg5 b4 13. Ne2 Bb7 14. Qd2 Re8 15. Bh6 Bh8 16. Ng5 e5 17. f4 Nh5 18. f5 d5 19. Rf1 Nhf6 20. exd5 Nb6 21. Nxf7 Kxf7 22. fxg6+ hxg6 23. Ra7 Kg8 24. Qg5 Kh7 25. Be4 Rg8 26. d6 Nh5 27. Qxh5 Rg7 28. Bxg7+ Kxg7 29. Qxg6# 1-0


[Site "https://www.chess.com"]

[Event "Titled Tuesday Blitz March 01 Late 2022"]
[White "Miszler, Levente"]
[Black "Gelman, Alexander"]
[WhiteFideId "763276"]
[BlackFideId "4118316"]
[WhiteElo "1966"]
[BlackElo "2375"]
[Result "0-1"]
[Round "01"]
[TimeControl "180+1"]
[Date "2022.03.02"]
[WhiteClock "0:01:10"]
[BlackClock "0:01:26"]

1. Nf3 Nf6 2. g3 c5 3. Bg2 e6 4. O-O Be7 5. d4 cxd4 6. Nxd4 a6 7. c4 d6 8. Nc3 O-O 9. b3 Nbd7 10. Bb2 Qc7 11. Rc1 Ne5 12. Qc2 Bd7 13. Rfd1 Rac8 14. Ne4 Rfd8 15. Nxf6+ Bxf6 16. Nf3 Nxf3+ 17. Bxf3 Bxb2 18. Qxb2 Bc6 19. c5 dxc5 20. Bxc6 Qxc6 21. Qe5 Rxd1+ 22. Rxd1 h6 23. Rd6 Qc7 24. Qf4 Rd8 25. Rxd8+ Qxd8 26. e4 b5 27. Qe5 Qd4 28. Qxd4 cxd4 29. e5 f6 30. f4 fxe5 31. fxe5 Kf7 32. Kf2 Kg6 33. g4 h5 34. h3 hxg4 35. hxg4 Kg5 36. Kf3 b4 0-1


[Site "https://www.chess.com"]

[Event "Titled Tuesday Blitz March 01 Late 2022"]
[White "Moral Garcia, Serafin"]
[Black "Erdogdu, Mert"]
[WhiteFideId "2201925"]
[BlackFideId "6301495"]
[WhiteElo "2228"]
[BlackElo "2485"]
[Result "1-0"]
[Round "01"]
[TimeControl "180+1"]
[Date "2022.03.02"]
[WhiteClock "0:00:37"]
[BlackClock "0:00:15"]

1. c4 e6 2. Nc3 d5 3. g3 c5 4. Bg2 d4 5. Na4 Nf6 6. d3 Nc6 7. Nf3 e5 8. O-O Be7 9. Bg5 Nd7 10. Bxe7 Qxe7 11. e3 O-O 12. Re1 Qd6 13. a3 a5 14. exd4 cxd4 15. Nd2 f5 16. Rc1 Nc5 17. Nxc5 Qxc5 18. Qb3 Bd7 19. Qb5 b6 20. Qxc5 bxc5 21. Bxc6 Bxc6 22. Rxe5 Rab8 23. b3 f4 24. Rxc5 Ba8 25. Re1 a4 26. b4 Rb6 27. Rce5 fxg3 28. fxg3 Rbf6 29. Re8 h6 30. Rxf8+ Rxf8 31. c5 Bc6 32. Nc4 Bb5 33. Ne5 Re8 34. c6 Bxc6 35. Kf2 Bb5 36. Nf3 Rf8 37. Ke2 Bxd3+ 38. Kxd3 Rxf3+ 39. Kxd4 Rxa3 40. Rb1 Rf3 41. b5 Rf8 42. b6 a3 43. Ra1 Ra8 44. Kc5 Kf7 45. b7 Rb8 46. Kb6 Ke7 47. Rxa3 Kd7 48. Ra8 1-0


[Site "https://www.chess.com"]

[Event "Titled Tuesday Blitz March 01 Late 2022"]
[White "Morales Flores, Monserrat"]
[Black "Hjartarson, Johann"]
[WhiteFideId "3412016"]
[BlackFideId "2300044"]
[WhiteElo "2028"]
[BlackElo "2484"]
[Result "0-1"]
[Round "01"]
[TimeControl "180+1"]
[Date "2022.03.02"]
[WhiteClock "0:02:04"]
[BlackClock "0:01:38"]

1. e4 e5 2. Nf3 Nc6 3. Bc4 Bc5 4. c3 Nf6 5. d4 exd4 6. e5 d5 7. Bb5 Ne4 8. cxd4 Bb6 9. Nc3 O-O 10. Be3 Bg4 11. O-O f5 12. exf6 Nxf6 13. Be2 Kh8 14. Rc1 Ne7 15. h3 Bh5 16. Ne5 Bxe2 17. Nxe2 Nf5 18. Qb3 c6 19. Nf4 Qd6 20. Rfd1 Rae8 21. Qc2 Nxe3 22. fxe3 Kg8 23. Rf1 Ne4 24. Nfd3 Qh6 25. Rf4 Rxf4 26. Nxf4 Bxd4 27. exd4 Qxf4 28. Kh1 Ng3+ 29. Kg1 Qxd4+ 30. Qf2 Ne2+ 31. Kf1 Qxf2+ 32. Kxf2 Nxc1 0-1


[Site "https://www.chess.com"]

[Event "Titled Tuesday Blitz March 01 Late 2022"]
[White "Mortazavi, Ali"]
[Black "Guseinov, Gadir"]
[WhiteFideId "401323"]
[BlackFideId "13401378"]
[WhiteElo "2339"]
[BlackElo "2581"]
[Result "0-1"]
[Round "01"]
[TimeControl "180+1"]
[Date "2022.03.01"]
[WhiteClock "0:00:01"]
[BlackClock "0:00:22"]

1. Nf3 g6 2. e4 Bg7 3. d4 d6 4. Nc3 Nf6 5. Be3 c6 6. Qd2 b5 7. Bd3 Nbd7 8. Bh6 Bxh6 9. Qxh6 b4 10. Ne2 Qa5 11. Ng3 Ba6 12. O-O e5 13. dxe5 Bxd3 14. cxd3 Nxe5 15. Nxe5 Qxe5 16. d4 Qxd4 17. Rad1 Qe5 18. h3 Rd8 19. f4 Qe7 20. Kh1 Ng8 21. Qg7 Qf6 22. Qxf6 Nxf6 23. e5 dxe5 24. Rxd8+ Kxd8 25. fxe5 Nd7 26. Rxf7 Re8 27. Rxh7 Rxe5 28. Rg7 g5 29. Nh5 c5 30. Rg6 Kc7 31. Ra6 Kb7 32. Rd6 Nb6 33. Nf6 c4 34. Kh2 Re2 35. a4 Nxa4 36. Rd7+ Ka6 37. Nd5 Rxb2 38. Rd6+ Nb6 39. Nc7+ Kb7 40. Nb5 c3 41. Rg6 c2 42. Rg7+ Ka6 43. Nc7+ Ka5 0-1


[Site "https://www.chess.com"]

[Event "Titled Tuesday Blitz March 01 Late 2022"]
[White "Niemann, Hans Moke"]
[Black "Dobre, Claudiu-Cristian"]
[WhiteFideId "2093596"]
[BlackFideId "1211854"]
[WhiteElo "2636"]
[BlackElo "2207"]
[Result "1-0"]
[Round "01"]
[TimeControl "180+1"]
[Date "2022.03.01"]
[WhiteClock "0:00:33"]
[BlackClock "0:00:01"]

1. d4 d5 2. Nc3 c6 3. Bf4 Nf6 4. e3 Bf5 5. Bd3 Bxd3 6. cxd3 e6 7. Qb3 Qb6 8. Qc2 Be7 9. Nf3 O-O 10. h3 c5 11. dxc5 Bxc5 12. O-O Bd6 13. Bxd6 Qxd6 14. Nb5 Qc6 15. Qb3 Nbd7 16. Rfc1 Qb6 17. Nc7 Rac8 18. Qxb6 Nxb6 19. Nb5 Rxc1+ 20. Rxc1 Rc8 21. Rc3 Rxc3 22. Nxc3 a6 23. Nd4 Kf8 24. Nb3 Ne8 25. Kf1 Ke7 26. Nc5 Nd6 27. Ke2 Nd7 28. Nb3 b6 29. Nd4 Nb8 30. f4 Kd7 31. g4 f6 32. f5 exf5 33. Nxd5 fxg4 34. Nxb6+ Ke7 35. hxg4 g6 36. e4 Nf7 37. Nd5+ Kd6 38. Nf3 f5 39. gxf5 gxf5 40. Nf4 fxe4 41. dxe4 Ne5 42. Nd4 Nc4 43. b3 Ke5 44. Nfe6 Nd6 45. Ke3 Nxe4 46. Nf8 h6 47. Ng6+ Kf6 48. Nf4 Nc3 49. a4 Kg5 50. Nfe6+ Kg4 51. Kd3 Na2 52. Nc5 h5 53. Ne4 h4 54. Nf2+ Kg3 55. Ke3 Nc3 56. Nf5+ Kg2 57. Nxh4+ Kf1 58. Nd3 Nc6 59. Nf5 Nd5+ 60. Kd2 Ndb4 61. Nxb4 Nxb4 62. Kc3 a5 63. Nd4 Kf2 64. Nc2 Na2+ 65. Kc4 Ke2 66. b4 axb4 67. Nxb4 Nc1 68. a5 Ke3 69. a6 Ne2 70. a7 1-0


[Site "https://www.chess.com"]

[Event "Titled Tuesday Blitz March 01 Late 2022"]
[White "Nilsen, Tobias Lang"]
[Black "Kozak, Adam"]
[WhiteFideId "1521624"]
[BlackFideId "753246"]
[WhiteElo "2013"]
[BlackElo "2459"]
[Result "0-1"]
[Round "01"]
[TimeControl "180+1"]
[Date "2022.03.02"]
[WhiteClock "0:00:30"]
[BlackClock "0:01:30"]

1. f4 c6 2. Nf3 d5 3. g3 Nf6 4. Bg2 Qb6 5. d3 g6 6. Nc3 Bg7 7. e4 dxe4 8. dxe4 Na6 9. Qe2 Bg4 10. e5 Nd5 11. Nxd5 cxd5 12. h3 Bxf3 13. Bxf3 e6 14. Qf2 Qxf2+ 15. Kxf2 Nb4 16. c3 Nd3+ 17. Ke2 Nc5 18. Be3 Rc8 19. Rhd1 h5 20. Rac1 h4 21. g4 b5 22. Bd4 a6 23. g5 Nd7 24. b3 Bf8 25. Kd3 Ba3 26. Rc2 Bc5 27. c4 bxc4+ 28. bxc4 Bxd4 29. Kxd4 Nb6 30. c5 Nc4 31. Be2 Na5 32. Bxa6 Nc6+ 33. Ke3 Ra8 34. Bb5 Kd7 35. Rb1 Rhb8 36. Rcb2 Kc7 37. a4 Na5 38. Kd4 Rb7 39. Rc1 Nc6+ 40. Kd3 Rxa4 41. Bxc6 Ra3+ 42. Rc3 Rxc3+ 43. Kxc3 Rxb2 44. Kxb2 Kxc6 45. Kc3 Kxc5 46. Kd3 d4 47. Kd2 Kd5 48. Kd3 Kc5 49. Kd2 Kc4 50. Kc2 d3+ 51. Kc1 Kd4 52. Kd2 Ke4 53. Kc3 Kxf4 54. Kxd3 Kxe5 55. Ke3 Kf5 56. Kf3 Kxg5 57. Ke4 f6 58. Kf3 f5 59. Ke3 e5 60. Kf3 e4+ 61. Ke3 Kf6 0-1


[Site "https://www.chess.com"]

[Event "Titled Tuesday Blitz March 01 Late 2022"]
[White "Novikova, Galina"]
[Black "Hakemi, Arman"]
[WhiteFideId "4157095"]
[BlackFideId "22520805"]
[WhiteElo "1863"]
[BlackElo "2208"]
[Result "0-1"]
[Round "01"]
[TimeControl "180+1"]
[Date "2022.03.02"]
[WhiteClock "0:00:07"]
[BlackClock "0:00:05"]

1. e4 c5 2. Nf3 e6 3. b4 cxb4 4. a3 b3 5. cxb3 d5 6. e5 d4 7. Bd3 Nc6 8. O-O Nge7 9. b4 Ng6 10. Re1 a6 11. Bb2 Be7 12. Qe2 b5 13. Be4 Bb7 14. d3 O-O 15. Nbd2 Qd7 16. h4 Nf4 17. Qd1 Rfd8 18. Ng5 h6 19. Nxf7 Kxf7 20. Qf3 g5 21. hxg5 hxg5 22. Bxc6 Bxc6 23. Ne4 Rh8 24. g3 Rh3 25. Rac1 Bb7 26. Qg4 Rah8 27. gxf4 gxf4 28. Qxf4+ Ke8 29. Kf1 Rxd3 30. Nf6+ Bxf6 31. exf6 Bf3 32. f7+ Kf8 33. Qb8+ Kxf7 34. Qxh8 Kg6 35. Qg8+ Kf5 36. Qg3 Be2+ 37. Rxe2 Rxg3 38. fxg3 Qb7 39. Rf2+ Kg4 0-1


[Site "https://www.chess.com"]

[Event "Titled Tuesday Blitz March 01 Late 2022"]
[White "Ohanyan, Emin"]
[Black "Mikhalsky, Vladimir"]
[WhiteFideId "13312022"]
[BlackFideId "14144352"]
[WhiteElo "1809"]
[BlackElo "2248"]
[Result "1-0"]
[Round "01"]
[TimeControl "180+1"]
[Date "2022.03.02"]
[WhiteClock "0:00:07"]
[BlackClock "0:00:06"]

1. e4 g6 2. d4 Bg7 3. Nc3 d6 4. f4 a6 5. Nf3 b5 6. Bd3 Bb7 7. e5 Nd7 8. Be4 Qc8 9. Qe2 Nb6 10. O-O Nh6 11. Bxb7 Qxb7 12. Ne4 O-O 13. c3 Rac8 14. Ng3 c5 15. f5 Nxf5 16. Nxf5 gxf5 17. e6 Qe4 18. Qxe4 fxe4 19. Ng5 cxd4 20. exf7+ Kh8 21. Nxe4 d5 22. Ng5 dxc3 23. bxc3 Bxc3 24. Rb1 Rc6 25. Bb2 Na4 26. Bxc3+ Nxc3 27. Rbe1 Ne4 28. Nxe4 dxe4 29. Rxe4 Rf6 30. Rxe7 Kg7 31. Rxf6 Kxf6 32. Ra7 Rxf7 33. Rxa6+ Kg7 34. h4 Rf4 35. g3 Rc4 36. Kg2 h5 37. Kf3 b4 38. Ra5 Kg6 39. Ra6+ Kg7 40. Ra4 Kg6 41. Kg2 Kf5 42. Kh3 Kg6 43. a3 Rc1 44. Rxb4 Rh1+ 45. Kg2 Ra1 46. a4 Ra2+ 47. Kh3 Ra1 48. Rb6+ Kf5 49. Ra6 Rh1+ 50. Kg2 Ra1 51. Rh6 Rxa4 52. Rxh5+ Ke4 53. Rg5 Ra1 54. Rg4+ Kf5 55. Rf4+ Ke5 56. Kh3 Rh1+ 57. Kg4 Rg1 58. h5 Rh1 59. Kg5 Rg1 60. g4 Ra1 61. h6 Rh1 62. Rf5+ Ke4 63. Kg6 Rh4 64. g5 Rh1 65. h7 Rxh7 66. Kxh7 Kxf5 67. g6 Kf6 68. g7 Kf7 69. g8=Q+ 1-0


[Site "https://www.chess.com"]

[Event "Titled Tuesday Blitz March 01 Late 2022"]
[White "Osmonbekov, Talaibek"]
[Black "Garriga Cazorla, Pere"]
[WhiteFideId "2017253"]
[BlackFideId "32011601"]
[WhiteElo "2135"]
[BlackElo "2458"]
[Result "0-1"]
[Round "01"]
[TimeControl "180+1"]
[Date "2022.03.02"]
[WhiteClock "0:00:05"]
[BlackClock "0:00:27"]

1. d4 Nf6 2. Nc3 d5 3. Bf4 c5 4. e3 a6 5. Nf3 cxd4 6. exd4 Bg4 7. h3 Bxf3 8. Qxf3 Nc6 9. O-O-O e6 10. g4 Bd6 11. Bxd6 Qxd6 12. g5 Nd7 13. h4 O-O 14. Bh3 b5 15. h5 Rac8 16. Qe3 Rfe8 17. g6 fxg6 18. hxg6 h6 19. Bg2 Rf8 20. Rh4 Ne7 21. Bh3 Rf6 22. Re1 Rc6 23. Ne2 Nxg6 24. Rg4 b4 25. Reg1 Ndf8 26. Qd3 e5 27. dxe5 Qxe5 28. f4 Qe4 29. Qxe4 dxe4 30. f5 Rxf5 31. Rxe4 Rff6 32. Rxb4 Ne5 33. Rb7 g5 34. Nd4 Rc4 35. c3 Nf3 36. Rf1 h5 37. Rxf3 Rxf3 38. Nxf3 g4 39. Ne5 gxh3 40. Nf3 Rf4 41. Nh2 Rf2 42. Rb6 Rxh2 43. Rh6 Rg2 44. Rxh5 h2 45. b4 Rg1+ 46. Kb2 h1=Q 47. Rxh1 Rxh1 48. Kb3 Kf7 49. a4 Ke6 50. b5 axb5 51. axb5 Kd5 52. Kb4 Nd7 53. c4+ Kd6 54. Ka5 Rb1 55. Ka6 Kc5 56. b6 Nxb6 57. Ka7 Nxc4 0-1


[Site "https://www.chess.com"]

[Event "Titled Tuesday Blitz March 01 Late 2022"]
[White "Pace, Christopher"]
[Black "Karttunen, Mika"]
[WhiteFideId "2610167"]
[BlackFideId "502081"]
[WhiteElo "2213"]
[BlackElo "2343"]
[Result "0-1"]
[Round "01"]
[TimeControl "180+1"]
[Date "2022.03.02"]
[WhiteClock "0:00:04"]
[BlackClock "0:00:17"]

1. d4 Nf6 2. c4 g6 3. Nf3 Bg7 4. g3 O-O 5. Bg2 d6 6. O-O c6 7. Nc3 Bf5 8. Re1 Ne4 9. Nh4 Nxc3 10. bxc3 Bc8 11. Rb1 Nd7 12. e4 Qa5 13. Qb3 Bxd4 14. Bh6 Bg7 15. Bxg7 Kxg7 16. f4 Nc5 17. Qc2 Be6 18. e5 Bxc4 19. Qd2 d5 20. f5 Rae8 21. e6 f6 22. Rb2 Nd3 23. Rxb7 Nxe1 24. Qxe1 Qc5+ 25. Kh1 Rb8 26. Rd7 Bxa2 27. Bf3 Rb1 28. Bd1 Bb3 0-1


[Site "https://www.chess.com"]

[Event "Titled Tuesday Blitz March 01 Late 2022"]
[White "Pakleza, Zbigniew"]
[Black "Koutlas, Nikolaos"]
[WhiteFideId "1119290"]
[BlackFideId "25827138"]
[WhiteElo "2467"]
[BlackElo "1610"]
[Result "1-0"]
[Round "01"]
[TimeControl "180+1"]
[Date "2022.03.02"]
[WhiteClock "0:02:46"]
[BlackClock "0:02:09"]

1. d4 Nf6 2. Nf3 d5 3. Bf4 c5 4. c3 Nc6 5. Nbd2 Qb6 6. Qb3 Bf5 7. dxc5 Qxb3 8. axb3 Nd7 9. b4 e5 10. Bg3 f6 11. e3 h5 12. h3 Kf7 13. Bb5 a5 14. Nb3 axb4 15. Rxa8 1-0


[Site "https://www.chess.com"]

[Event "Titled Tuesday Blitz March 01 Late 2022"]
[White "Peatman, Carter"]
[Black "Dronavalli, Harika"]
[WhiteFideId "2096480"]
[BlackFideId "5015197"]
[WhiteElo "2291"]
[BlackElo "2382"]
[Result "0-1"]
[Round "01"]
[TimeControl "180+1"]
[Date "2022.03.02"]
[WhiteClock "0:00:01"]
[BlackClock "0:00:46"]

1. d4 Nf6 2. Nf3 e6 3. Bf4 d5 4. e3 Bd6 5. Bg3 c5 6. c3 Qc7 7. Bb5+ Nbd7 8. Nbd2 O-O 9. Qe2 a6 10. Ba4 b5 11. Bc2 e5 12. dxe5 Nxe5 13. Nxe5 Bxe5 14. Nf3 Bxg3 15. hxg3 h6 16. Rd1 Re8 17. a4 Rb8 18. axb5 axb5 19. Nh4 Qe5 20. Qd3 b4 21. O-O bxc3 22. bxc3 Rb2 23. Rb1 c4 24. Qd1 Qxc3 25. Rc1 Qe5 26. Qf3 Bg4 27. Qf4 Qxf4 28. gxf4 Ra8 29. Bf5 Raa2 30. Rb1 g6 0-1


[Site "https://www.chess.com"]

[Event "Titled Tuesday Blitz March 01 Late 2022"]
[White "Perez Torres, Nabi Isaias"]
[Black "Goryachkina, Aleksandra"]
[WhiteFideId "5120373"]
[BlackFideId "4147103"]
[WhiteElo "1755"]
[BlackElo "2426"]
[Result "1-0"]
[Round "01"]
[TimeControl "180+1"]
[Date "2022.03.02"]
[WhiteClock "0:00:07"]
[BlackClock "0:00:01"]

1. d4 Nf6 2. c4 e6 3. Nf3 Bb4+ 4. Nbd2 d6 5. a3 Bxd2+ 6. Qxd2 O-O 7. e3 b6 8. b4 Bb7 9. Be2 Nbd7 10. O-O Ne4 11. Qc2 f5 12. d5 exd5 13. Nd4 Rf6 14. cxd5 Rg6 15. f3 Nef6 16. Ne6 Qe7 17. Nf4 Rh6 18. Qxf5 Ne5 19. e4 Bc8 20. Qg5 Rxh2 21. Nh3 Rxh3 22. gxh3 Bxh3 23. Rf2 Rf8 24. Be3 Ng6 25. Rc1 Rf7 26. a4 Bc8 27. a5 Kf8 28. axb6 axb6 29. Ra1 Bb7 30. Ra7 Bc8 31. Bf1 Kg8 32. Rc2 Qd8 33. Bxb6 cxb6 34. Ra8 Rc7 35. Rxc7 Qxc7 36. Ba6 Kf7 37. Rxc8 Qa7 38. Bf1 Ne7 39. Rc1 Qa3 40. Rc7 Qxb4 41. Bh3 Qd4+ 42. Kg2 h6 43. Be6+ Kf8 44. Qg3 Qd2+ 45. Qf2 Qg5+ 46. Kf1 Nh5 47. Qxb6 Ng3+ 48. Kf2 Nh1+ 49. Ke2 Qg2+ 50. Kd3 Qxf3+ 51. Qe3 Nf2+ 52. Kd2 Qd1+ 53. Kc3 Nxe4+ 54. Qxe4 Qc1+ 55. Qc2 Qa3+ 56. Qb3 Qa5+ 57. Kb2 Qxc7 58. Qf3+ 1-0


[Site "https://www.chess.com"]

[Event "Titled Tuesday Blitz March 01 Late 2022"]
[White "Plotnikov, Pavel"]
[Black "Sarana, Alexey"]
[WhiteFideId "4170342"]
[BlackFideId "24133795"]
[WhiteElo "2298"]
[BlackElo "2665"]
[Result "0-1"]
[Round "01"]
[TimeControl "180+1"]
[Date "2022.03.01"]
[WhiteClock "0:00:14"]
[BlackClock "0:00:24"]

1. e4 c5 2. c3 Nf6 3. e5 Nd5 4. d4 cxd4 5. Qxd4 e6 6. Bd3 d6 7. exd6 Nc6 8. Qe4 Nf6 9. Qe2 Bxd6 10. Nf3 Qc7 11. Nbd2 Nd5 12. Nc4 Be7 13. a4 O-O 14. h4 Nf4 15. Bxf4 Qxf4 16. g3 Qh6 17. b4 a6 18. Nb6 Rb8 19. Kf1 g6 20. Kg2 Bd8 21. a5 e5 22. Bc4 Bg4 23. Qe3 Qxe3 24. fxe3 Kg7 25. Ng5 Bxb6 26. axb6 Rbd8 27. Ra2 Ne7 28. e4 Rd6 29. Rf1 f6 30. Raf2 Rxb6 31. Bd5 Rd8 32. c4 Nxd5 33. exd5 fxg5 34. Rf7+ Kg8 35. Rc7 Bd7 36. b5 gxh4 37. gxh4 Be8 38. h5 axb5 39. c5 Ra6 40. h6 Bd7 41. d6 Rc6 42. Rxb7 Rxc5 43. Rf6 Bc6+ 0-1


[Site "https://www.chess.com"]